 Dungeon Crawl Stone Soup version 0.22-a0-538-g76cc104 (webtiles) character file.

28 Darkshadow the Chopper (level 3, -5/33 HPs)
             Began as a Hill Orc Monk on June 23, 2018.
             Slain by a gnoll
             ... wielding a cursed -1 halberd
              (12 damage)
             ... on level 2 of the Dungeon.
             The game lasted 00:03:46 (1358 turns).

Darkshadow the Chopper (Hill Orc Monk)              Turns: 1358, Time: 00:03:47

Health: -5/33      AC:  6    Str: 14    XL:     3   Next: 12%
Magic:  3/3        EV: 10    Int: 10    God:
Gold:   59         SH:  0    Dex: 13    Spells: 2/2 levels left

rFire    . . .     SeeInvis .   a - +0 hand axe
rCold    . . .     Gourm    .   (no shield)
rNeg     . . .     Faith    .   e - +0 scale mail
rPois    .         Spirit   .   (no helmet)
rElec    .         Reflect  .   (no cloak)
rCorr    .         Harm     .   (no gloves)
MR       .....                  (no boots)
Stlth    ..........             (no amulet)
HPRegen  0.11/turn              (no ring)
MPRegen  0.08/turn              (no ring)

@: no status effects
A: no striking features
a: no special abilities


You were on level 2 of the Dungeon.
You were not hungry.

You visited 1 branch of the dungeon, and saw 2 of its levels.

You collected 59 gold pieces.

Inventory:

Hand Weapons
 a - a +0 hand axe (weapon)
Missiles
 m - 8 stones (quivered)
Armour
 b - a +0 robe
 e - a +0 scale mail (worn)
Jewellery
 d - an uncursed amulet of the acrobat {unknown}
 g - a +3 ring of evasion {unknown}
Scrolls
 f - 2 scrolls of identify {unknown}
 i - 2 scrolls of teleportation {unknown}
 k - a scroll of fog {unknown}
Potions
 h - a potion of lignification {unknown}
 j - a potion of ambrosia {unknown}
 l - a potion of flight {unknown}
Comestibles
 c - 5 rations


   Skills:
 + Level 4.0 Fighting
 * Level 4.9 Axes
 + Level 1.2 Armour
 - Level 2.4 Dodging
 - Level 1.5 Stealth


You had 2 spell levels left.
You didn't know any spells.
Your spell library was empty.

Dungeon Overview and Level Annotations

Branches:
Dungeon (2/15)

Altars:
Hepliaklqana


Message History

The gnoll is moderately wounded.
The gnoll hits you with a halberd!
You are too injured to fight recklessly!
You are too injured to fight recklessly!
You are too injured to fight recklessly!
You are too injured to fight recklessly!
You hit the gnoll.
The gnoll is heavily wounded.
The gnoll hits you with a halberd.
* * * LOW HITPOINT WARNING * * *
You hit the gnoll but do no damage.
The gnoll is heavily wounded.
The gnoll closely misses you.
You slash the gnoll!
The gnoll is almost dead.
You hit the gnoll but do no damage.
The gnoll is almost dead.
You closely miss the jackal. The jackal closely misses you.
The gnoll hits you with a halberd!
You die...

#)..# #.# # #.._#
#.##.# ..
..#.###..#.# .##
.......#.#.# ..# ##
.#####.#.#.# ..# .(#
<# #.#.#.# ##.P#...#
.# #.....# #..('...
.# #....######hgP#
.#####.....)....@..#
........#.####.....#
.##.###.#.#
#........# .##.#
##### ######.....
....# ##.## .#### .#
.# . .. .


You could see a gnoll and a jackal.

Vanquished Creatures
  An adder (D:2)
  2 leopard geckos (D:1)
  2 bats (D:1)
  A giant cockroach (D:1)
  2 goblins
  A hobgoblin (D:1)
  A jackal (D:2)
  A frilled lizard (D:1)
  5 kobolds
  A rat (D:1)
17 creatures vanquished.

Notes
Turn   | Place    | Note
-------+----------+-------------------------------------------
     0 | D:1      | Darkshadow the Hill Orc Monk began the quest for the Orb.
     0 | D:1      | Reached XP level 1. HP: 19/19 MP: 1/1
   464 | D:1      | Reached XP level 2. HP: 27/27 MP: 2/2
  1078 | D:2      | Reached skill level 1 in Armour
  1247 | D:2      | Reached XP level 3. HP: 32/33 MP: 3/3
  1248 | D:2      | Found a hazy altar of Hepliaklqana.
  1358 | D:2      | Slain by a gnoll

Vault maps used:
D:1:      matt_arrival_spirals, minmay_tetromino_l2
D:2:      wad_crossroads, overflow_temple_1_default,
          nicolae_overflow_hidden_temple, grunt_ministairs_4,
          cheibrodos_gnoll_hut, uniq_terence

Skill      XL: |  1  2 |
---------------+-------+-----
Armour         | 1 |  1.2
Fighting       | 4 |  4.0
Axes           | |  4.9
Dodging        | |  2.4
Stealth        | |  1.5

Action                   || total
-------------------------++-------
Melee: Hand axe          ||    72
Throw: Stone             ||    11
 Stab: Sleeping          ||     2
  Eat: Chunk             ||     1
Armor: Robe              ||     4
       Scale mail        ||    10
Dodge: Dodged            ||    40

Table legend:
 A = Spawn XP
 B = Non-spawn XP
 C = Spawn XP percentage of total XP
 D = Spawn monster count
 E = Non-spawn monster count
 F = Spawn count percentage of total count
 G = Total turns spent on level
                    A         B        C        D         E        F      G
               +---------+---------+-------+---------+---------+-------+---------
         Total |       0 |      40 |   0.0 |       0 |      17 |   0.0 |  1358
               +---------+---------+-------+---------+---------+-------+---------
           D:1 |       0 |      18 |   0.0 |       0 |      10 |   0.0 |  1062
           D:2 |       0 |      22 |   0.0 |       0 |       7 |   0.0 |   296
               +---------+---------+-------+---------+---------+-------+---------
